 Dungeon Crawl Stone Soup version 0.30-a0-918-g0ff054e9dc (webtiles) character file.

Game seed: 2865723471795039997

64 jasper the Magician (level 3, -5/24 HPs)
             Began as a Demonspawn Wanderer on Mar 20, 2023.
             Slain by a gnoll
             ... wielding a +0 flail
              (9 damage)
             ... on level 2 of the Dungeon.
             The game lasted 00:03:56 (1542 turns).

jasper the Magician (Demonspawn Wanderer)           Turns: 1542, Time: 00:03:56

Health: -5/24      AC:  6    Str: 13    XL:     3   Next: 91%
Magic:  9/9        EV: 10    Int: 15    God:
Gold:   79         SH:  0    Dex: 11    Spells: 9/12 levels left

rFire   . . .      SeeInvis .    i - +0 sling
rCold   . . .      Faith    .    (no shield)
rNeg    . . .      Spirit   .    k - +0 ring mail
rPois   .          Reflect  .    (helmet restricted)
rElec   .          Rampage  .    (no cloak)
rCorr   .                        d - +0 pair of gloves
Will    .....                    (no boots)
Stlth   +                        (no amulet)
HPRegen 0.24/turn                (no ring)
MPRegen 0.11/turn                (no ring)

@: hasted, very quick
A: horns 1
a: no special abilities


You were on level 2 of the Dungeon.
You visited 1 branch of the dungeon, and saw 2 of its levels.

You collected 79 gold pieces.

Inventory:

Hand Weapons
 a - a +0 club
 f - a +0 short sword
 i - a +0 sling (weapon)
 n - a +0 quarterstaff
Missiles
 e - 4 silver javelins
 g - 20 stones
 l - 2 poisoned darts
Armour
 c - a +0 robe
 d - a +0 pair of gloves (worn)
 k - a +0 ring mail (worn)
Scrolls
 h - 4 scrolls of identify
Potions
 b - 2 potions of haste
 m - a potion of curing


   Skills:
 + Level 2.7 Ranged Weapons
 - Level 1.0 Armour
 - Level 1.7 Dodging
 - Level 5.0 Spellcasting
 - Level 3.1 Necromancy


You had 9 spell levels left.
You knew the following spells:

 Your Spells              Type           Power      Damage    Failure   Level
a - Kiss of Death         Conj/Necr      32%        2d7       19%         1
b - Scorch                Fire           6%         2d5       45%         2

Your spell library contained the following spells:

 Spells                   Type           Power      Damage    Failure   Level
 Summon Small Mammal      Summ           12%        N/A       34%         1
 Cigotuvi's Dreadful Rot  Necr/Pois/Air  12%        N/A       34%         2
 Call Canine Familiar     Summ           3%         N/A       71%         3
 Anguish                  Hex/Necr       4%         N/A       88%         4
 Flame Wave               Conj/Fire      3%         2d5       98%         4
 Summon Cactus Giant      Summ           1%         N/A       100%        6


Dungeon Overview and Level Annotations

Branches:
Dungeon (2/15)

Altars:


Innate Abilities, Weirdness & Mutations

You have a pair of small horns on your head.


Message History

The goblin is moderately wounded.
The goblin closely misses you. The gnoll barely misses you.
Fire: i) +0 sling
Press: ? - help, Q - select action, (/) - cycle Shift-Dir - straight line, f - gnoll
Aim: a gnoll, wielding a +0 flail (moderately wounded, 56% to hit)
You shoot a sling bullet. The sling bullet hits the gnoll.
The gnoll is severely wounded.
Fire: i) +0 sling
Press: ? - help, Q - select action, (/) - cycle Shift-Dir - straight line, f/p - gnoll
Aim: a gnoll, wielding a +0 flail (severely wounded, 56% to hit)
You shoot a sling bullet.
The sling bullet closely misses the gnoll.
Fire: i) +0 sling
Press: ? - help, Q - select action, (/) - cycle Shift-Dir - straight line, f/p - gnoll
Aim: a gnoll, wielding a +0 flail (severely wounded, 56% to hit)
You shoot a sling bullet.
The sling bullet completely misses the gnoll.
Fire: i) +0 sling
Press: ? - help, Q - select action, (/) - cycle Shift-Dir - straight line, f/p - gnoll
Aim: a gnoll, wielding a +0 flail (severely wounded, 56% to hit)
You shoot a sling bullet.
The sling bullet closely misses the gnoll.
The gnoll barely misses you.
Fire: i) +0 sling
Press: ? - help, Q - select action, (/) - cycle Shift-Dir - straight line, f/p - gnoll
Aim: a gnoll, wielding a +0 flail (heavily wounded, 56% to hit)
You shoot a sling bullet.
The sling bullet completely misses the gnoll.
The gnoll hits you with a +0 flail!
* * * LOW HITPOINT WARNING * * *
You take 9 damage, and have 4/24 hp.
MASSIVE DAMAGE!!
Fire: i) +0 sling
Press: ? - help, Q - select action, (/) - cycle Shift-Dir - straight line, f/p - gnoll
Aim: a gnoll, wielding a +0 flail (heavily wounded, 56% to hit)
You shoot a sling bullet.
The sling bullet hits the gnoll but does no damage.
The gnoll is heavily wounded.
The gnoll hits you with a +0 flail!
You die...

#.#...#.......####
#####...........#..
#.....#...####.##....
+ #.###g##..# #...
.## # #.g...# ..## #
# ##w##.#### .
#.#...... ##g......#
#.@#...#.# #..##.##
#... ... #.... ###
#####. ##


You could see a worm, 2 gnolls and a goblin.

Vanquished Creatures
  Robin (D:2)
  A worm (D:2)
  A dart slug (D:1)
  4 ball pythons
  3 endoplasms
  3 giant cockroaches
  8 goblins
  11 hobgoblins
  A quokka (D:1)
  A bat (D:1)
  3 frilled lizards
  3 kobolds
  3 rats
43 creatures vanquished.

Notes
Turn   | Place    | Note
-------+----------+-------------------------------------------
     0 | D:1      | jasper the Demonspawn Wanderer began the quest for the Orb.
     0 | D:1      | jasper set off with the following items: a +0 club, a
                  | potion of haste, a +0 robe, a +0 pair of gloves; and the
                  | following spells available to memorise: Kiss of Death,
                  | Summon Small Mammal, Cigotuvi's Dreadful Rot, Call Canine
                  | Familiar, Anguish.
     0 | D:1      | Reached XP level 1. HP: 13/13 MP: 6/6
     4 | D:1      | Learned a level 1 spell: Kiss of Death
   196 | D:1      | Gained mutation: You have a pair of small horns on your
                  | head. [demonic ancestry]
   196 | D:1      | Reached XP level 2. HP: 14/14 MP: 8/8
   528 | D:1      | Reached skill level 1 in Ranged Weapons
   881 | D:2      | Reached XP level 3. HP: 23/23 MP: 9/9
   902 | D:2      | Noticed Robin
   971 | D:2      | Killed Robin
  1440 | D:2      | Learned a level 2 spell: Scorch
  1542 | D:2      | Slain by a gnoll

Illustrated notes

Levels and vault maps discovered:
D:1:      heliophobic_arrival_dark_side_of_the_moon, layout_rooms
D:2:      layout_basic, hangedman_decor_clover_reticule,
          kennysheep_generic_room_16, uniq_robin

Skill      XL: |  1  2  3 |
---------------+----------+-----
Necromancy     | 3 |  3.1
Ranged Weapons | 1 2 |  2.7
Armour         | |  1.0
Dodging        | |  1.7
Spellcasting   | |  5.0

Action                     || total
---------------------------++-------
  Melee: Short sword       ||    26
         Club              ||     8
   Fire: Sling             ||   189
   Cast: Kiss of Death     ||     2
    Use: Scroll            ||     3
         Potion            ||     2
 Armour: Robe              ||     5
         Ring mail         ||    47
  Dodge: Dodged            ||   129

Table legend: (Time is in decaauts)
 A = Elapsed time spent in this place.
 B = Non-inter-level travel time spent in this place.
 C = Inter-level travel time spent in this place.
 D = Time resting spent in this place.
 E = Time spent auto-exploring this place.
 F = Levels seen in this place.
 G = Mean time per level.
                   A        B        C        D        E       F      G
               +--------+--------+--------+--------+--------+-----+--------+
         Total |   1612 |   1494 |    118 |     86 |    868 |   2 |  806.0 |
       Dungeon |   1612 |   1494 |    118 |     86 |    868 |   2 |  806.0 |
               +--------+--------+--------+--------+--------+-----+--------+

Top non-repeatable levels by time:
     D:1: 873 daAuts
     D:2: 739 daAuts
